 Dungeon Crawl Stone Soup version 0.25.0-9-g26727b657a (webtiles) character file.

Game seed: 5672595430614891898

11 Esekla the Grasshopper (level 2, -1/16 HPs)
             Began as a Deep Elf Warper on June 20, 2020.
             Slain by an adder (4 damage)
             ... on level 2 of the Dungeon.
             The game lasted 00:05:49 (783 turns).

Esekla the Grasshopper (Deep Elf Warper)             Turns: 783, Time: 00:05:49

Health: -1/16      AC:  3    Str:  8    XL:     2   Next: 13%
Magic:  1/8        EV: 13    Int: 17    God:
Gold:   28         SH:  0    Dex: 14    Spells: 3/7 levels left

rFire    . . .     SeeInvis .   a - +0 falchion
rCold    . . .     Gourm    .   (no shield)
rNeg     . . .     Faith    .   j - +0 robe
rPois    .         Spirit   .   k - +0 helmet (curse)
rElec    .         Reflect  .   (no cloak)
rCorr    .         Harm     .   (no gloves)
MR       .....                  (no boots)
Stlth    +.........             (no amulet)
HPRegen  0.05/turn              (no ring)
MPRegen  0.11/turn              (no ring)

@: very slightly contaminated
A: no striking features
a: no special abilities


You were on level 2 of the Dungeon.
You were not hungry.

You visited 1 branch of the dungeon, and saw 3 of its levels.

You collected 28 gold pieces.

Inventory:

Hand Weapons
 a - a +0 falchion (weapon)
Missiles
 e - 5 boomerangs of dispersal (quivered)
 i - 3 boomerangs
Armour
 j - a +0 robe (worn)
 k - a cursed +0 helmet (worn)
Scrolls
 c - a scroll of immolation {unknown}
 d - a scroll of blinking
 h - a scroll of teleportation {unknown}
Potions
 b - 2 potions of heal wounds {unknown}
 g - a potion of might {unknown}
 l - a potion of resistance {unknown}
Comestibles
 f - a ration


   Skills:
 - Level 1.5 Fighting
 * Level 2.0 Long Blades
 + Level 1.0 Throwing
 - Level 0.7 Armour
 * Level 3.2 Dodging
 - Level 3.0 Spellcasting
 + Level 3.3 Translocations


You had 3 spell levels left.
You knew the following spells:

 Your Spells              Type           Power        Failure   Level  Hunger
a - Shroud of Golubria    Chrm/Tloc      #.....       13%         2    ##.....
b - Blink                 Tloc           N/A          7%          2    ##.....

Your spell library contained the following spells:

 Spells                   Type           Power        Failure   Level  Hunger
 Gell's Gravitas          Tloc           ##........   13%         3    ###....
 Lesser Beckoning         Tloc           ##........   13%         3    ###....
 Teleport Other           Tloc           ##......     13%         3    ###....
 Passage of Golubria      Tloc           N/A          41%         4    ####...


Dungeon Overview and Level Annotations

Branches:
Dungeon (3/15)

Altars:


Message History

* * * LOW HITPOINT WARNING * * *
Your shroud bends the adder's attack away.
There is an escape hatch in the floor here.
Your shroud begins to fray at the edges.
The adder misses you.
There is an open door here.
Casting: Shroud of Golubria (safe; 13% risk of failure)
Confirm with . or Enter, or press ? or * to list all spells.
You blink.
Your shroud unravels.
Your magical contamination has completely faded away.
Casting: Blink (safe; 7% risk of failure)
Confirm with . or Enter, or press ? or * to list all spells.
You miscast Shroud of Golubria.
You are very lightly contaminated with residual magic.
Nothing appears to happen.
The adder bites you but does no damage. The adder closely misses you.
There is an open door here.
The adder bites you.
You die...

#.......######.# #
#..............# #
#.....r..####### #
+........#.....# #
#........#.###.####
#
#...<....#........#
#
#........#####.##.#
#
######S#.......##.#
#
#@######..##.#####
#.##............##
#.##.#######.##.##
#.##.# #.#....
#.##.# #.#####
#<##.#######.#
####.........#
###########


You could see an adder and a rat.

Vanquished Creatures
  A leopard gecko (D:1)
  A bat (D:1)
  A giant cockroach (D:2)
  3 goblins
  A hobgoblin (D:1)
  A rat (D:1)
8 creatures vanquished.

Notes
Turn   | Place    | Note
-------+----------+-------------------------------------------
     0 | D:1      | Esekla the Deep Elf Warper began the quest for the Orb.
     0 | D:1      | Reached XP level 1. HP: 12/12 MP: 6/6
   418 | D:1      | Reached XP level 2. HP: 11/16 MP: 8/8
   426 | D:1      | Learned a level 2 spell: Shroud of Golubria
   429 | D:1      | Learned a level 2 spell: Blink
   783 | D:2      | Slain by an adder

Illustrated notes

Levels and vault maps discovered:
D:1:      tarquinn_simple_flora_water_d, layout_loops_ring
D:2:      layout_basic, minmay_misc_feat_square
D:3:      minmay_wonky_spiral, layout_rooms, serial_bayou_pond_b

Skill      XL: |  1  2 |
---------------+-------+-----
Dodging        | 3 |  3.2
Long Blades    | 2 |  2.0
Fighting       | |  1.5
Throwing       | |  1.0
Armour         | |  0.7
Spellcasting   | |  3.0
Translocations | |  3.3

Action                   || total
-------------------------++-------
Melee: Falchion          ||    41
 Cast: Shroud of Golubri ||     5
       Blink             ||     1
 Stab: Sleeping          ||     1
Armor: Robe              ||     9
Dodge: Dodged            ||    36
       Rpst.: Falchion   ||    11
